 Dungeon Crawl Stone Soup version 0.30-a0-125-g51eefa89be (webtiles) character file.

Game seed: 8919145477362671510

69 timneilson the Covered (level 4, -4/28 HPs)
             Began as a Gargoyle Fighter on Sept 18, 2022.
             Killed by divine providence
             ... invoked by an orc priest
              (12 damage)
             ... on level 2 of the Dungeon.
             The game lasted 00:01:58 (2314 turns).

timneilson the Covered (Gargoyle Fighter)           Turns: 2314, Time: 00:01:59

Health: -4/28      AC: 10    Str: 21    XL:     4   Next: 20%
Magic:  4/4        EV:  9    Int:  9    God:
Gold:   102        SH:  4    Dex:  9    Spells: 3/3 levels left

rFire   . . .      SeeInvis .    a - +0 long sword
rCold   . . .      Faith    .    c - +0 buckler
rNeg    + . .      Spirit   .    b - +0 scale mail
rPois   ∞          Reflect  .    (no helmet)
rElec   +          Harm     .    (no cloak)
rCorr   .          Rampage  .    (no gloves)
Will    .....                    (no boots)
Stlth   ..........               (no amulet)
HPRegen 0.09/turn                (no ring)
MPRegen 0.09/turn                (no ring)

@: no status effects
A: sickness immunity, AC +3, negative energy resistance 1, electricity
resistance, torment resistance 1, petrification resistance
a: no special abilities


You were on level 2 of the Dungeon.
You visited 1 branch of the dungeon, and saw 2 of its levels.

You collected 102 gold pieces.

Inventory:

Hand Weapons
 a - a +0 long sword (weapon)
Armour
 b - a +0 scale mail (worn)
 c - a +0 buckler (worn)
Jewellery
 g - a +4 ring of slaying
Scrolls
 f - a scroll of teleportation {unknown}
 h - a scroll of noise {unknown}
Potions
 d - 2 potions of might
 e - a potion of magic {unknown}
 i - a potion of lignification {unknown}


   Skills:
 + Level 3.6 Fighting
 * Level 2.6 Long Blades
 * Level 3.9 Armour
 + Level 0.9 Dodging
 * Level 3.7 Shields


You had 3 spell levels left.
You didn't know any spells.
Your spell library was empty.

Dungeon Overview and Level Annotations

Branches:
Dungeon (2/15)

Altars:


Innate Abilities, Weirdness & Mutations

You are immune to sickness and miasma.
Your stone body is resilient. (AC +3)
You are immune to poison.
You resist negative energy. (rN+)
You are resistant to electric shocks. (rElec)
You are resistant to unholy torment.
You are immune to petrification.


Message History

The orc priest shouts!
The orc shouts! x2
Items here: )) [[.
Things that are here:
a +0 club; a +0 trident; an orc corpse The orc barely misses you.
Things that are here:
a +0 club; a +0 trident; an orc corpse You barely miss the orc.
The orc barely misses you.
You barely miss the orc. The orc hits you with a +3 hand axe.
The orc hits you but does no damage.
You hit the orc.
The orc is heavily wounded.
The orc closely misses you.
You hit the orc but do no damage.
The orc is heavily wounded.
The orc closely misses you. You block the orc's attack.
You hit the orc.
The orc is almost dead.
You block the orc's attack.
You barely miss the orc.
The orc is almost dead.
The orc hits you but does no damage.
You closely miss the orc.
The orc is almost dead.
The orc hits you but does no damage.
You hit the orc but do no damage.
The orc is almost dead.
The orc closely misses you. You block the orc's attack.
You slash the orc!
You kill the orc!
You closely miss the orc. The orc closely misses you.
The orc priest mumbles some strange prayers to Beogh against you.
Beogh smites you!
You barely miss the orc. The orc hits you with a +3 hand axe.
* * * LOW HITPOINT WARNING * * *
The orc priest looks encouraged for a moment.
You closely miss the orc. The orc hits you but does no damage.
The orc priest mumbles some strange prayers to Beogh against you.
Beogh smites you!
You die...

... #.###........###.....## #.
....###.##..~...~..####...##
#.
#.....#oo.........####'#####
##
....##..#o...................#
#. ##.#o..........#.##.###.#
#.##..~..o~.....##...#.####
#.###..o...................
#..#########)#.......#.####
##........@oo#..#...##.#
#####.#######..##.###.# #.#
#.........# #.. ....###.#####
#### ## #.# ####[####
#.......# #.##.##.# # #.##.#


You could see an orc priest and an orc.

Vanquished Creatures
  A worm (D:2)
  2 dart slugs (D:1)
  5 orcs (D:2)
  6 ball pythons (D:1)
  9 endoplasms
  3 giant cockroaches
  5 goblins
  3 hobgoblins
  4 kobolds
  A quokka (D:2)
  4 bats
  4 frilled lizards
  5 rats (D:1)
52 creatures vanquished.

Notes
Turn   | Place    | Note
-------+----------+-------------------------------------------
     0 | D:1      | timneilson the Gargoyle Fighter began the quest for the
                  | Orb.
     0 | D:1      | Reached XP level 1. HP: 14/14 MP: 1/1
   339 | D:1      | Reached XP level 2. HP: 18/19 MP: 2/2
   793 | D:1      | Reached XP level 3. HP: 21/23 MP: 3/3
  1986 | D:2      | Reached XP level 4. HP: 10/28 MP: 4/4
  2314 | D:2      | Killed from afar by an orc priest

Illustrated notes

Levels and vault maps discovered:
D:1:      enne_arrival_octagon_isle, layout_basic, st_stairs_8,
          chequers_serial_rivers_small_a, minmay_indecisive_spiral
D:2:      cheibrodos_pilgrimage, layout_loops_corners

Skill      XL: |  1  2 |
---------------+-------+-----
Long Blades    | 2 |  2.6
Fighting       | |  3.6
Armour         | |  3.9
Dodging        | |  0.9
Shields        | |  3.7

Action                   |  1- 3 |  4- 6 || total
-------------------------+-------+-------++-------
Melee: Long sword        |   169 |    32 ||   201
Armor: Scale mail        |    82 |    13 ||    95
Dodge: Dodged            |    79 |    17 ||    96
Block: Buckler           |    36 |     6 ||    42

Table legend: (Time is in decaauts)
 A = Elapsed time spent in this place.
 B = Non-inter-level travel time spent in this place.
 C = Inter-level travel time spent in this place.
 D = Time resting spent in this place.
 E = Time spent auto-exploring this place.
 F = Levels seen in this place.
 G = Mean time per level.
                   A        B        C        D        E       F      G
               +--------+--------+--------+--------+--------+-----+--------+
         Total |   2378 |   2364 |     14 |     65 |   1874 |   2 | 1189.0 |
       Dungeon |   2378 |   2364 |     14 |     65 |   1874 |   2 | 1189.0 |
               +--------+--------+--------+--------+--------+-----+--------+

Top non-repeatable levels by time:
     D:1: 1582 daAuts
     D:2: 795 daAuts
